Map: Bel'Shir Vestige LE (Void)

Players

lIlIIlIlIIll

  • Race: Zerg Zerg
  • League: Master
  • Spawn Location: 11:00

Railgan - Winner!

  • Race: Zerg Zerg
  • League: Grandmaster
  • Spawn Location: 5:00

VOD

Have the link to the VOD?

Description

Time

  • Played on: March 23, 2017, 6:28 p.m.
  • Length: 4:11
Show
View Real Time Build Order
Export as new Build Order

lIlIIlIlIIll Zerg 

Build Orders: Hatch First 

Get SALT Encoding   

  12  0:00  Drone  
  13  0:12  Overlord  
  13  0:16  Drone  
  14  0:30  Drone x2  
  14  0:34  Drone  
  17  0:50  Drone  
  17  0:56  Hatchery  
  17  1:00  Extractor  
  17  1:03  Drone  
  17  1:15  Drone, Spawning Pool  
  17  1:20  Drone  
  18  1:30  Drone  
  19  1:38  Overlord  
  19  2:02  Queen  
  19  2:07  Queen  
  19  2:08  Drone x3  
  25  2:10  Metabolic Boost  
  25  2:11  Drone  
  27  2:19  Drone  
  27  2:22  Drone  
  29  2:29  Overlord  
  29  2:31  Drone  
  30  2:38  Queen  
  30  2:40  Spine Crawler  
  30  2:41  Drone  
  30  2:43  Drone  
  33  2:54  Drone x2  
  35  3:04  Drone x2  
  37  3:11  Drone  
  37  3:12  Drone x2  
  40  3:14  Drone  
  40  3:15  Zergling x4  
  40  3:18  Extractor  
  42  3:22  Extractor  
  42  3:26  Overlord  
  41  3:27  Drone x2  
  41  3:28  Drone  
  44  3:35  Overlord  
  44  3:42  Hatchery  
  44  3:45  Drone  
  46  3:49  Zergling x6  
Show
View Real Time Build Order
Export as new Build Order

Railgan Zerg - Winner!

Build Orders: Hatch First, Zergling Baneling 

Get SALT Encoding   

  12  0:01  Drone  
  13  0:12  Overlord  
  13  0:17  Drone  
  14  0:32  Drone  
  14  0:33  Drone  
  16  0:36  Drone  
  17  0:54  Hatchery  
  17  0:55  Drone  
  17  0:58  Drone  
  18  1:10  Extractor  
  17  1:13  Spawning Pool  
  17  1:17  Drone  
  17  1:19  Drone  
  18  1:28  Drone  
  19  1:38  Overlord  
  19  1:58  Drone  
  19  1:59  Queen  
  19  2:00  Zergling x2  
  23  2:06  Queen  
  23  2:07  Zergling x2  
  27  2:15  Drone  
  27  2:16  Metabolic Boost  
  27  2:17  Drone  
  27  2:22  Drone  
  29  2:28  Drone  
  30  2:35  Overlord  
  30  2:36  Baneling Nest  
  29  2:46  Zergling x4  
  31  2:57  Drone  
  32  2:58  Drone  
  32  3:02  Hatchery  
  32  3:06  Zergling x2  
  32  3:07  Zergling x2  
  34  3:16  Overlord  
  34  3:17  Zergling x8  
  38  3:21  Zergling x4  
  40  3:28  Baneling x4  
  40  3:34  Baneling x2  
  40  3:35  Zergling x4  
  40  3:39  Zergling x4  
  44  3:44  Zergling x2  
  44  3:45  Zergling x2  
  44  3:47  Zergling x2  
  46  3:50  Baneling x2  
Tags
 
Add a new tag
Caveats
  • Supply blocks, unpowered buildings, or Contaminate may cause inaccurate times.
  • Supply counts are checked every 10 seconds.